 Dungeon Crawl Stone Soup version 0.27.1 (webtiles) character file.

Game seed: 15979762208721241989

23 axeguard the Chiller (level 3, 24/24 HPs)
             Began as a Human Ice Elementalist on Aug 27, 2021.
             Was a Follower of Makhleb.
             Tarried too long and was consumed by Zot
             ... on level 2 of the Dungeon.
             The game lasted 00:23:53 (11998 turns).

axeguard the Chiller (Human Ice Elementalist)      Turns: 11998, Time: 00:23:53

Health: 24/24      AC:  5    Str:  8    XL:     3   Next: 12%
Magic:  6/6        EV: 10    Int: 16    God:    Makhleb [*.....]
Gold:   50         SH:  0    Dex: 19    Spells: 5/6 levels left

rFire    . . .     SeeInvis .   c - +0 short sword
rCold    . . .     Faith    .   (no shield)
rNeg     . . .     Spirit   .   m - +0 ring mail
rPois    .         Reflect  .   (no helmet)
rElec    .         Harm     .   (no cloak)
rCorr    .         Rampage  .   (no gloves)
Will     +....                  (no boots)
Stlth    ++........             o - amulet of regeneration
HPRegen  1.08/turn              b - ring of willpower
MPRegen  0.10/turn              e - +6 ring of dexterity

@: bezotted
A: no striking features
a: Renounce Religion


You were on level 2 of the Dungeon.
You worshipped Makhleb.
Makhleb was aware of your devotion.
You visited 1 branch of the dungeon, and saw 2 of its levels.

You collected 50 gold pieces.

Inventory:

Hand Weapons
 c - a +0 short sword (weapon)
 h - a +0 short sword
 j - a +0 dagger
Missiles
 f - 23 bolts
 i - 17 arrows
Armour
 a - a +0 robe
 m - a +0 ring mail (worn)
 n - a +0 robe
Jewellery
 b - a ring of willpower (left hand)
 e - a +6 ring of dexterity (right hand)
 l - a ring of protection from cold
 o - an amulet of regeneration (around neck)
Scrolls
 d - a scroll of noise {unknown}
 k - a scroll of enchant armour {unknown}
 p - a scroll of magic mapping {unknown}
Potions
 g - a potion of lignification {unknown}


   Skills:
 + Level 0.3 Fighting
 + Level 0.1 Short Blades
 + Level 0.1 Armour
 + Level 2.1 Dodging
 + Level 2.2 Stealth
 + Level 2.1 Spellcasting
 + Level 4.4 Ice Magic


You had 5 spell levels left.
You knew the following spells:

 Your Spells              Type           Power      Damage    Failure   Level
a - Freeze                Ice            60%        1d8       11%         1

Your spell library contained the following spells:

 Spells                   Type           Power      Damage    Failure   Level
 Frozen Ramparts          Ice            30%        1d5       30%         3
 Ozocubu's Armour         Ice            15%        N/A       30%         3
 Foxfire                  Conj/Fire      4%         2x1d4     54%         1
 Conjure Flame            Conj/Fire      1%         6-21      88%         3
 Inner Flame              Hex/Fire       1%         N/A       88%         3
 Hailstorm                Conj/Ice       8%         3d4       94%         4


Dungeon Overview and Level Annotations

Branches:
Dungeon (2/15)

Altars:
Makhleb


Message History

You start waiting.
Zot has nearly found you.
Death is approaching.
Descend or flee this branch!
You climb downwards.
There is a stone staircase leading up here.
A frilled lizard comes into view.
The helpless endoplasm fails to defend itself.
You puncture the endoplasm!
You kill the endoplasm!
Makhleb accepts your kill.
You have reached level 3!
Your experience leads to an increase in your attributes!
Your base attributes are Str 8, Int 15, Dex 13.
Increase (S)trength, (I)ntelligence, or (D)exterity?
You feel clever.
The helpless frilled lizard fails to defend itself.
You hit the frilled lizard.
You kill the frilled lizard!
Makhleb accepts your kill.
Found a club.
A frilled lizard comes into view.
Found a scroll labelled SEUDOCWACIA and a war axe.
You see here a scroll labelled SEUDOCWACIA.
The helpless frilled lizard fails to defend itself.
You puncture the frilled lizard!
You kill the frilled lizard!
Makhleb accepts your kill.
p - a scroll labelled SEUDOCWACIA You see here a frilled lizard corpse.
A goblin comes into view. It is wielding a +0 club.
The helpless goblin fails to defend itself.
You puncture the goblin!
You kill the goblin!
Makhleb accepts your kill.
You see here a +0 club.
Found a book of Flames.
You pick up a book of Flames and begin reading...
You add the spells Foxfire, Conjure Flame and Inner Flame to your library.
Found a stone staircase leading up.
Zot has found you!
You die...

#.. #.#
#.. #.#
...
#.########
#........#
########.#
#.# #.#
########.#
#..@.....#
#.########
#


There were no monsters in sight!

Vanquished Creatures
  A ball python (D:1)
  2 bats (D:1)
  2 endoplasms
  A giant cockroach (D:1)
  A hobgoblin (D:1)
  A jackal (D:1)
  4 kobolds (D:1)
  A quokka (D:1)
  5 frilled lizards
  2 goblins
  3 rats (D:1)
23 creatures vanquished.

Notes
Turn   | Place    | Note
-------+----------+-------------------------------------------
     0 | D:1      | axeguard the Human Ice Elementalist began the quest for the
                  | Orb.
     0 | D:1      | Reached XP level 1. HP: 13/13 MP: 3/3
   293 | D:1      | Found a faded altar of an unknown god.
   297 | D:1      | Reached XP level 2. HP: 19/19 MP: 3/5
 10833 | D:1      | Became a worshipper of Makhleb the Destroyer
 10833 | D:1      | Reached * piety under Makhleb
 10999 | D:1      | Glimpsed the power of Zot.
 11499 | D:1      | Glimpsed the power of Zot.
 11899 | D:1      | Glimpsed the power of Zot.
 11909 | D:2      | Reached XP level 3. HP: 24/24 MP: 6/6
 11997 | D:2      | Glimpsed the power of Zot.
 11998 | D:2      | Tarried too long and was consumed by Zot

Illustrated notes

Levels and vault maps discovered:
D:1:      dpeg_arrival_brainrot, layout_loops_ring,
          ebering_ecumenical_altar_abandoned
D:2:      layout_loops_ring

Action                   || total
-------------------------++-------
Melee: Short sword       ||    19
 Cast: Freeze            ||    19
 Stab: Sleeping          ||     7
Armor: Robe              ||     1
Dodge: Dodged            ||    17
